 Dungeon Crawl Stone Soup version 0.30.1-11-g7821555f0a (webtiles) character file.

Game seed: 5183080233210803162

2978 fireball365 the Cleaver (level 9, -1/79 HPs)
             Began as a Hill Orc Fighter on Nov 10, 2023.
             Succumbed to a gnoll sergeant's poison
             ... on level 7 of the Dungeon.
             The game lasted 00:11:18 (5862 turns).

fireball365 the Cleaver (Hill Orc Fighter)          Turns: 5862, Time: 00:11:19

Health: -1/79      AC: 15    Str: 29    XL:     9   Next: 82%
Magic:  9/9        EV: 10    Int:  8    God:
Gold:   316        SH: 11    Dex: 16    Spells: 8/8 levels left

rFire   . . .        G - +2 war axe (spect)
rCold   . . .        c - +0 buckler
rNeg    + . .        w - +3 chain mail of the Planets {rElec rN+ Will+}
rPois   .            (no helmet)
rElec   +            o - +1 cloak
rCorr   .            (no gloves)
SInv    .            (no boots)
Will    +....        f - amulet of reflection Stlth
                     m - +6 ring of strength
HPRegen 0.33/turn    F - +6 ring of dexterity
MPRegen 0.11/turn

%: reflection
@: lethally poisoned (-1 -> -25)
A: no striking features
a: no special abilities


You were on level 7 of the Dungeon.
You visited 2 branches of the dungeon, and saw 8 of its levels.

You collected 454 gold pieces.
You spent 138 gold pieces at shops.

Inventory:

Hand Weapons
 G - a +2 spectral war axe (weapon)
Missiles
 E - a throwing net (quivered)
Armour
 c - a +0 buckler (worn)
 o - a +1 cloak (worn)
 w - the +3 chain mail of the Planets (worn) {rElec rN+ Will+}
   (You found it on level 4 of the Dungeon)

   rElec:     It insulates you from electricity.
   rN:        It protects you from negative energy.
   Will:      It increases your willpower.
Jewellery
 f - an amulet of reflection (around neck)
 h - a ring of protection from fire
 m - a +6 ring of strength (left hand)
 x - a ring of poison resistance
 z - a ring of flight
 F - a +6 ring of dexterity (right hand)
Scrolls
 e - a scroll of vulnerability
 g - 2 scrolls of noise
 i - 2 scrolls of enchant armour
 j - 2 scrolls of teleportation
 l - a scroll of poison
 n - 4 scrolls of fog
 p - a scroll of brand weapon
 r - a scroll of magic mapping
 B - a scroll of blinking
Potions
 a - 2 potions of heal wounds {unknown}
 d - 3 potions of might
 k - 2 potions of brilliance {unknown}
 s - 5 potions of curing
 t - a potion of mutation {unknown}
 u - 2 potions of magic {unknown}
 v - 2 potions of attraction {unknown}
 A - a potion of haste {unknown}
 C - 3 potions of ambrosia {unknown}


   Skills:
 + Level 7.1 Fighting
 + Level 11.9 Axes
 + Level 6.5 Armour
 + Level 2.4 Dodging
 + Level 1.2 Stealth
 + Level 6.8 Shields


You had 8 spell levels left.
You didn't know any spells.
Your spell library contained the following spells:

 Spells                   Type           Power      Damage    Failure   Level
 Magic Dart               Conj           0%         1d3       88%         1
 Sandblast                Erth           0%         2d4       88%         1
 Blink                    Tloc           0%         N/A       96%         2
 Lesser Beckoning         Tloc           0%         N/A       96%         2
 Momentum Strike          Conj/Tloc      0%         3d8       96%         2
 Passwall                 Tmut/Erth      0%         N/A       96%         2
 Searing Ray              Conj           0%         2d4       96%         2
 Stone Arrow              Conj/Erth      0%         3d7       99%         3
 Fulminant Prism          Conj/Hex       0%         3d5       100%        4


Dungeon Overview and Level Annotations

Branches:
Dungeon (7/15)             Temple (1/1) D:4

Altars:
Ashenzari
Dithmenos
Elyvilon
Fedhas
Hepliaklqana
Kikubaaqudgha
Makhleb
Nemelex Xobeh
Okawaru
Ru
Trog
Uskayaw
Vehumet
Wu Jian
Xom
Yredelemnul
Zin

Shops:
D:1 [


Message History

The bullfrog is almost dead.
You feel sick. You block the bullfrog's attack.
You barely miss the bullfrog.
The bullfrog is almost dead.
You feel sick. You block the bullfrog's attack. The bullfrog hits you.
* * * LOW HITPOINT WARNING * * *
You closely miss the bullfrog.
The bullfrog is almost dead.
You feel sick. You block the bullfrog's attack.
You slice the bullfrog!!
You kill the bullfrog!
You feel sick.
You hit the kobold.
You kill the kobold!
You feel sick.
You are no longer poisoned.
The gnoll sergeant hits you but does no damage.
You are poisoned.
Things that are here:
a +0 dagger; a kobold corpse; a bullfrog corpse You feel very sick.
You block the gnoll sergeant's attack.
You hit the gnoll sergeant.
The gnoll sergeant is moderately wounded.
You feel sick. The gnoll sergeant closely misses you.
You slash the gnoll sergeant!
The gnoll sergeant is severely wounded.
You feel sick.
The gnoll sergeant hits you with a +2 spear of venom.
* * * LOW HITPOINT WARNING * * *
You are lethally poisoned!
You hit the gnoll sergeant.
The gnoll sergeant is almost dead.
* * * LOW HITPOINT WARNING * * *
You feel very sick.
The gnoll sergeant hits you but does no damage.
You are more poisoned.
You barely miss the gnoll sergeant.
The gnoll sergeant is almost dead.
You die...

#.... ..#......#.. ....
##.##.#####... ##
...#....!##.$)##.. #.
........#...$$#.. #.
..F....#$$)..#..
#.#+##.o#'#.#?=[..#..
#.#$..)##.###+$..##..
###.####o#J..'.###.#.#.
#....)@gF##.###'##..##.
########..#####).##....
#........#J.[.#.###
#......#.#h.o$#.##
#......+.##..##..#
#.........####...#
#................#
#...............##
#...............+


You could see an orc warrior, a gnoll sergeant, a bullfrog and a jelly.

Vanquished Creatures
  Duvessa (D:6)
  3 water moccasins
  2 orc warriors (D:7)
  A sky beast (D:7)
  A black bear (D:5)
  2 ice beasts
  2 centaurs
  3 ogres
  A kobold brigand (D:7)
  4 bullfrogs
  A gnoll sergeant (D:6)
  2 scorpions
  4 wights (D:6)
  Dowan (D:6)
  A howler monkey (D:6)
  3 jellies
  A gnoll bouda (D:7)
  4 orc priests
  A hound (D:5)
  7 iguanas
  4 sleepcaps
  4 orc wizards
  5 gnolls (D:6)
  An adder (D:4)
  A white imp (D:7)
  A worm (D:3)
  4 dart slugs
  19 orcs
  4 bats
  7 endoplasms
  4 goblins
  4 hobgoblins
  5 jackals
  2 quokkas
  2 ball pythons
  3 frilled lizards (D:3)
  9 kobolds
  5 rats
129 creatures vanquished.

Notes
Turn   | Place    | Note
-------+----------+-------------------------------------------
     0 | D:1      | fireball365 the Hill Orc Fighter began the quest for the
                  | Orb.
     0 | D:1      | Reached XP level 1. HP: 19/19 MP: 1/1
   203 | D:1      | You fall into a shaft and drop 1 floor!
   287 | D:2      | Reached XP level 2. HP: 24/27 MP: 2/2
   532 | D:2      | Reached skill level 3 in Axes
   938 | D:1      | Found Ameudics's Armour Emporium.
   949 | D:1      | Reached XP level 3. HP: 32/33 MP: 3/3
   981 | D:1      | Found a faded altar of an unknown god.
  1086 | D:1      | Bought a +1 cloak for 138 gold pieces
  1894 | D:3      | Found a burning altar of Makhleb.
  2061 | D:3      | Found a broken altar of Ashenzari.
  2237 | D:3      | Found a bloodstained altar of Trog.
  2336 | D:3      | Found a basalt altar of Yredelemnul.
  2607 | D:4      | Reached XP level 4. HP: 40/40 MP: 4/4
  2614 | D:4      | Found a staircase to the Ecumenical Temple.
  2627 | D:4      | Reached skill level 4 in Axes
  2627 | D:4      | Reached skill level 1 in Dodging
  2648 | Temple   | Entered the Ecumenical Temple
  3181 | D:4      | Identified the +3 chain mail of the Planets {rElec rN+
                  | Will+}
  3415 | D:5      | Entered Level 5 of the Dungeon
  3415 | D:5      | Noticed a black bear
  3424 | D:5      | Killed a black bear
  3425 | D:5      | Reached skill level 5 in Axes
  3425 | D:5      | Reached XP level 5. HP: 35/46 MP: 5/5
  3435 | D:5      | Noticed an ice beast
  3441 | D:5      | Reached skill level 6 in Axes
  3441 | D:5      | Reached XP level 6. HP: 18/52 MP: 6/6
  3468 | D:5      | Killed an ice beast
  3591 | D:5      | Reached XP level 7. HP: 31/60 MP: 7/7
  3594 | D:5      | Reached skill level 7 in Axes
  3599 | D:5      | Reached skill level 5 in Fighting
  3886 | D:5      | Identified the +0 leather armour of Fuidiqifeuck {Contam
                  | rC+++ rN+ Str+3}
  3990 | D:5      | Reached skill level 8 in Axes
  3990 | D:5      | Reached skill level 5 in Armour
  4145 | D:5      | Found a glowing silver altar of Zin.
  4238 | D:6      | Reached XP level 8. HP: 66/68 MP: 8/8
  4282 | D:6      | Reached skill level 5 in Shields
  4370 | D:6      | Reached skill level 9 in Axes
  4705 | D:6      | Noticed Duvessa
  4705 | D:6      | Noticed Dowan
  4720 | D:6      | Killed Duvessa
  4728 | D:6      | Killed Dowan
  4729 | D:6      | Reached skill level 10 in Axes
  4900 | D:6      | Reached XP level 9. HP: 65/75 MP: 9/9
  5193 | D:6      | Identified the +0 robe of Polytheism {Rampage rElec Will+
                  | Stlth-}
  5446 | D:7      | Reached skill level 11 in Axes
  5446 | D:7      | Reached skill level 1 in Stealth
  5861 | D:7      | HP: 3/79 [poisoned by a gnoll sergeant]
  5862 | D:7      | Succumbed to a gnoll sergeant's poison

Illustrated notes

Levels and vault maps discovered:
D:1:      onia_arrival_pentagram, layout_basic, basic_ecumenical_altar,
          serial_shops, nicolae_shop_hallway_plus,
          minmay_misc_feat_more_columns, amcnicky_mini_rare_corridor_liquid,
          chequers_serial_rivers_micro_e, due_unseen_surprise
D:2:      layout_loops_cross, due_unseen_surprise
D:3:      layout_loops_ring, mainiacjoe_overflow_alcove_4, bloody_trog,
          lemuel_crystal_altar, mainiacjoe_overflow_alcove_2,
          minmay_quadrilaterals
D:4:      layout_basic, minmay_temple_entry_proselytizer
D:5:      layout_basic, zin_treasury
D:6:      layout_basic, uniq_duvessa
D:7:      layout_basic, mainiacjoe_overflow_small_starburst,
          nrook_pool_corridor, minivault_27, minmay_joined_circles,
          uniq_crazy_yiuf_cottage
Temple:   minmay_temple_forest_path

Skill      XL: |  1  2  3  4  5  6  7  8  9 |
---------------+----------------------------+-----
Axes           | 3 5 6 8 10 11 | 11.9
Fighting       | 4 5 6 7 |  7.1
Armour         | 4 5 6 |  6.5
Dodging        | 1 2 |  2.4
Shields        | 4 5 6 |  6.8
Stealth        | 1 |  1.2

Action                     |  1- 3 |  4- 6 |  7- 9 || total
---------------------------+-------+-------+-------++-------
  Melee: War axe           |    94 |    70 |   239 ||   403
    Use: Scroll            |     3 |     1 |    10 ||    14
   Stab: Distracted        |       |       |     1 ||     1
 Armour: Scale mail        |    89 |     2 |       ||    91
         Chain mail        |       |    37 |    84 ||   121
  Dodge: Dodged            |    71 |    28 |    74 ||   173
  Block: Buckler           |    45 |    45 |   135 ||   225
         Reflection        |       |     2 |     6 ||     8
